 Dungeon Crawl Stone Soup version 0.30-a0-377-g5cb311bc9f (webtiles) character file.

Game seed: 17442462026492311031

3600 qeuew the Trooper (level 9, -11/72 HPs)
             Began as a Demonspawn Chaos Knight on Nov 29, 2022.
             Was a Plaything of Xom.
             Mangled by Pikel
             ... wielding a +0 whip of electrocution
              (20 damage)
             ... on level 8 of the Dungeon.
             The game lasted 00:10:49 (7179 turns).

qeuew the Trooper (Demonspawn Chaos Knight)         Turns: 7179, Time: 00:10:50

Health: -11/72     AC: 18    Str: 15    XL:     9   Next: 85%
Magic:  9/9        EV: 12    Int: 17    God:    Xom [...*..]
Gold:   589        SH:  0    Dex: 13    Spells: 8/8 levels left

rFire   . . .      SeeInvis .    s - +9 mace "Gang" {vorpal, +Blink rC+ rCorr}
rCold   + . .      Faith    .    (no shield)
rNeg    . . .      Spirit   .    l - +4 ring mail
rPois   .          Reflect  .    d - +1 hat
rElec   .          Harm     .    (no cloak)
rCorr   +          Rampage  .    (no gloves)
Will    +....                    (no boots)
Stlth   +.........               (no amulet)
HPRegen 1.12/turn                i - +4 ring of protection
MPRegen 0.11/turn                (no ring)

@: no status effects
A: claws 2, yellow scales 2, demonic magic 2, clever 1, deterioration 1,
strong-willed 1, regeneration 1
a: Renounce Religion, Evoke Blink


You were on level 8 of the Dungeon.
You worshipped Xom.
You were a favourite toy of Xom.
You visited 2 branches of the dungeon, and saw 11 of its levels.
You also visited: Ossuary.

You collected 589 gold pieces.

Inventory:

Hand Weapons
 s - the +9 mace "Gang" (weapon) {vorpal, +Blink rC+ rCorr}
   (You took it off a hobgoblin on level 4 of the Dungeon)

   It inflicts extra damage upon your enemies.
   rC:        It protects you from cold.
   +Blink:    It lets you blink.
   rCorr:     It protects you from acid and corrosion.
Missiles
 b - 2 throwing nets
Armour
 d - a +1 hat (worn)
 l - a +4 ring mail (worn)
Jewellery
 i - a +4 ring of protection (left claw)
Wands
 j - a wand of flame (19)
 o - a wand of iceblast (10)
Scrolls
 e - 2 scrolls of poison {unknown}
 f - a scroll of magic mapping
 g - 2 scrolls of summoning
 h - 5 scrolls of enchant weapon
 q - 2 scrolls of blinking
 v - a scroll of identify
 w - a scroll of fear {unknown}
Potions
 a - 4 potions of heal wounds
 k - 2 potions of curing
 m - 2 potions of haste
 n - a potion of might
 p - a potion of magic
 r - a potion of resistance
 t - 2 potions of invisibility
 u - 2 potions of flight
 x - a potion of mutation
Miscellaneous
 c - a piece from Xom's chessboard (15/15) (quivered)


   Skills:
 + Level 7.0 Fighting
 + Level 6.4 Maces & Flails
 + Level 6.0 Armour
 + Level 5.7 Dodging
 + Level 6.1 Evocations


You had 8 spell levels left.
You didn't know any spells.
Your spell library contained the following spells:

 Spells                   Type           Power      Damage    Failure   Level
 Necrotise                Necr           0%         1d4       38%         1
 Slow                     Hex            0%         N/A       38%         1
 Call Canine Familiar     Summ           0%         N/A       77%         3
 Confusing Touch          Hex            0%         N/A       77%         3
 Portal Projectile        Hex/Tloc       0%         N/A       77%         3
 Vampiric Draining        Necr           0%         2d6       77%         3
 Leda's Liquefaction      Hex/Erth       0%         N/A       99%         4
 Agony                    Necr           0%         N/A       100%        5


Dungeon Overview and Level Annotations

Branches:
Dungeon (10/15)            Temple (1/1) D:5         Ossuary (visited)
   Lair: D:8-11         Orc: D:9-12

Altars:
Ashenzari
Cheibriados
Dithmenos
Fedhas
Gozag
Hepliaklqana
Kikubaaqudgha
Makhleb
Nemelex Xobeh
Okawaru
Qazlal
Ru
Sif Muna
Trog
Uskayaw
Vehumet
Wu Jian
Xom
Yredelemnul

Shops:
D:7 !=?   D:8 [

Annotations:
D:8 Pikel
D:10 3 runed translucent doors, MrSquiggles's ghost, journeyman MiMo


Innate Abilities, Weirdness & Mutations

You have very sharp fingernails.
You are mostly covered in yellow scales. (AC +3)
Spells you cast may paralyse nearby enemies.
Your mind is acute. (Int +4, Str/Dex -1)
Your body sometimes deteriorates upon taking damage.
You are strong-willed. (Will+)
Your natural rate of healing is unusually fast.


Message History

The orc priest looks satisfied for a moment.
The orc warrior hits you but does no damage.
You sock the orc warrior!
You kill the orc warrior!
The orc priest miscasts a cantrip.
The orc priest mumbles some strange prayers to Beogh against you.
Beogh smites you!
You barely miss Pikel.
Pikel drinks a potion.
Pikel seems to grow stronger.
The orc priest mumbles some strange prayers to Beogh against you.
Beogh smites you!
You hear a shout!
You sock Pikel!
Pikel is moderately wounded.
Pikel hits you but does no damage.
You are electrocuted!
* * * LOW HITPOINT WARNING * * *
An orc comes into view. It is wielding a +0 club.
You thump Pikel!
Pikel is severely wounded.
Pikel hits you but does no damage.
The orc priest looks satisfied for a moment.
Unknown command.
You sock Pikel!
Pikel is almost dead.
Pikel barely misses you.
The orc wizard mumbles some strange words.
The orc wizard flickers and vanishes!
Deactivating autopickup; reactivate with Ctrl-A.
You hear a shout!
You hit Pikel.
Pikel is almost dead.
Pikel hits you with a +0 whip of electrocution.
* * * LOW HITPOINT WARNING * * *
Unknown command.
You completely miss Pikel.
Pikel is almost dead.
Pikel hits you with a +0 whip of electrocution!
* * * LOW HITPOINT WARNING * * *
You are electrocuted!!
You die...
Xom roars with laughter!

#.# .#
#.####### #.#
##.# #.# #.#
#..# #.# #.#
#..# #.. #.#
#..# ### #.#
######..# #.#
#..)....# ..#
#♣#.####.##
### #...# #@#
#♣∩♣.# #K#
########..#.#
#5#
.........♣..#
#o5
#############
#o{ #5oo **
.ho. * .....
*,* *


You could see Pikel (strong), a warg, 3 lemures, 3 orc priests and 2 orcs.

Vanquished Creatures
  Prince Ribbit (D:7)
  A wraith (D:10)
  A warg (D:8)
  4 water moccasins
  2 sky beasts
  2 orc warriors
  An ice beast (D:7)
  A phantom (D:5)
  A centaur (D:8)
  A lemure (D:8)
  4 elf zombies (Ossuary)
  A kobold brigand (D:9)
  A necrophage (D:6)
  A gnoll sergeant (D:9)
  2 bullfrogs
  3 scorpions
  5 wights (D:8)
  2 howler monkeys (D:9)
  A centaur zombie (Ossuary)
  3 hounds
  3 human zombies (Ossuary)
  2 orc priests (D:6)
  A jelly (D:5)
  A gnoll bouda (D:4)
  An iguana (D:4)
  8 orc wizards
  A hound zombie (Ossuary)
  3 mummies (Ossuary)
  10 gnolls
  7 adders
  An ufetubus (D:6)
  2 adder zombies (Ossuary)
  3 worms
  2 dart slugs
  42 orcs
  2 endoplasms
  2 giant cockroaches
  2 gnoll zombies (Ossuary)
  8 goblins
  9 hobgoblins
  4 jackals (D:3)
  4 quokkas
  5 ball pythons
  5 bats
  9 frilled lizards
  3 hobgoblin zombies (Ossuary)
  A jackal zombie (Ossuary)
  15 kobolds
  5 kobold zombies (Ossuary)
  2 orc zombies (Ossuary)
  7 quokka zombies (Ossuary)
  6 rats
  3 rat zombies (Ossuary)
217 creatures vanquished.

Vanquished Creatures (collateral kills)
  A jelly (D:6)
  A gnoll (D:4)
  A frilled lizard (D:3)
3 creatures vanquished.

Vanquished Creatures (others)
  An orc wizard (D:8)
  7 plants (D:3)
8 creatures vanquished.

Grand Total: 228 creatures vanquished

Notes
Turn   | Place    | Note
-------+----------+-------------------------------------------
     0 | D:1      | qeuew the Demonspawn Chaos Knight began the quest for the
                  | Orb.
     0 | D:1      | Reached XP level 1. HP: 18/18 MP: 1/1
    41 | D:1      | Reached skill level 1 in Dodging
    81 | D:1      | Gained mutation: Spells you cast may paralyse adjacent
                  | enemies. [demonic ancestry]
    81 | D:1      | Reached XP level 2. HP: 24/24 MP: 2/2
   290 | D:1      | XOM: silly message
   314 | D:1      | XOM: silly message
   479 | D:2      | XOM: smoke on damage
   482 | D:2      | Reached skill level 1 in Evocations
   482 | D:2      | Gained mutation: Spells you cast may paralyse nearby
                  | enemies. [demonic ancestry]
   482 | D:2      | Reached XP level 3. HP: 23/29 MP: 3/3
   652 | D:2      | XOM: silly message
   659 | D:2      | Gained mutation: You have sharp fingernails. [demonic
                  | ancestry]
   659 | D:2      | Reached XP level 4. HP: 28/35 MP: 4/4
   947 | D:2      | Found a bloodstained altar of Trog.
  1498 | D:2      | XOM: silly message
  1502 | D:2      | XOM: divination: detect items
  1541 | D:2      | XOM: divination: magic mapping
  1675 | D:3      | XOM: silly message
  2073 | D:3      | Found a faded altar of an unknown god.
  2094 | D:3      | Prayed at the altar of an unknown god.
  2464 | D:3      | XOM: noise
  2537 | D:3      | XOM: silly message
  2577 | D:3      | Gained mutation: Your mind is acute. (Int +4, Str/Dex -1)
                  | [potion of mutation]
  2577 | D:3      | Gained mutation: You are agile. (Dex +4, Str/Int -1)
                  | [potion of mutation]
  2577 | D:3      | Gained mutation: Your natural rate of healing is unusually
                  | fast. [potion of mutation]
  2577 | D:3      | Gained mutation: You are strong-willed. (Will+) [potion of
                  | mutation]
  2688 | D:4      | Gained mutation: You are partially covered in yellow
                  | scales. (AC +2) [demonic ancestry]
  2688 | D:4      | Reached XP level 5. HP: 37/42 MP: 5/5
  2746 | D:4      | XOM: butterfly on damage
  2769 | D:4      | XOM: enchant monster (good)
  2778 | D:4      | XOM: confusion (+ monsters)
  2866 | D:4      | Identified the +9 mace "Gang" {vorpal, +Blink rC+ rCorr}
  2891 | D:4      | Reached skill level 4 in Fighting
  2896 | D:4      | Gained mutation: You are mostly covered in yellow scales.
                  | (AC +3) [demonic ancestry]
  2896 | D:4      | Reached XP level 6. HP: 45/48 MP: 6/6
  3150 | D:4      | XOM: god gift: 40 gold pieces
  3153 | D:4      | XOM: noise
  3226 | D:4      | XOM: cloud trail
  3348 | D:4      | Found a hazy altar of Hepliaklqana.
  3434 | D:5      | Entered Level 5 of the Dungeon
  3536 | D:5      | Found a staircase to the Ecumenical Temple.
  3592 | D:5      | XOM: enchant monster (good)
  3681 | Temple   | Entered the Ecumenical Temple
  3778 | Temple   | XOM: 4-stop teleportation journey
  3836 | D:5      | Reached XP level 7. HP: 55/55 MP: 7/7
  3927 | D:5      | XOM: noise
  3995 | D:5      | XOM: 8-stop teleportation journey
  4642 | D:6      | Found a sand-covered staircase.
  4651 | Ossuary  | Entered an ossuary
  4665 | Ossuary  | XOM: noise
  4713 | Ossuary  | XOM: 1-stop teleportation journey
  4717 | Ossuary  | XOM: divination: detect creatures
  4728 | Ossuary  | XOM: cast spell 'Cause Fear'
  4738 | Ossuary  | Reached skill level 5 in Fighting
  4797 | Ossuary  | Reached XP level 8. HP: 62/62 MP: 8/8
  4802 | Ossuary  | XOM: 2-stop teleportation journey
  5049 | D:6      | Reached skill level 5 in Maces & Flails
  5061 | D:6      | XOM: silly message
  5229 | D:6      | XOM: smoke on damage
  5403 | D:6      | XOM: divination: detect creatures
  5409 | D:6      | Reached skill level 5 in Armour
  5555 | D:6      | XOM: noise
  5624 | D:6      | XOM: silly message
  5706 | D:7      | Found Vequi's Jewellery Emporium.
  5729 | D:7      | Noticed Prince Ribbit
  5746 | D:7      | Killed Prince Ribbit
  5747 | D:7      | Reached skill level 6 in Fighting
  5747 | D:7      | Reached skill level 5 in Evocations
  5747 | D:7      | Gained mutation: You have very sharp fingernails. [demonic
                  | ancestry]
  5747 | D:7      | Reached XP level 9. HP: 69/69 MP: 9/9
  5767 | D:7      | Identified the +3 trident of Papol {freeze, *Noise rF+ rC+
                  | rN++}
  5771 | D:7      | XOM: enchant monster (bad)
  5791 | D:7      | Found Wyraug's Magic Scroll Shop.
  5871 | D:7      | XOM: silly message
  6037 | D:7      | XOM: 1-stop teleportation journey
  6120 | D:7      | XOM: cloud trail
  6287 | D:7      | XOM: give mutations
  6287 | D:7      | Lost mutation: You are agile. (Dex +4, Str/Int -1) [Xom's
                  | mischief]
  6287 | D:7      | Gained mutation: Your body sometimes deteriorates upon
                  | taking damage. [Xom's mischief]
  6292 | D:7      | Found Vulafih's Distillery.
  6499 | D:8      | Reached skill level 5 in Dodging
  6621 | D:8      | XOM: chaos upgrade
  6650 | D:8      | XOM: confuse monster(s)
  6654 | D:8      | XOM: summons 5 friendly demons
  6695 | D:8      | XOM: blink monster(s)
  6697 | D:8      | XOM: swap monsters
  6723 | D:8      | XOM: divination: magic mapping
  6746 | D:8      | You fall into a shaft and drop 2 floors!
  6746 | D:10     | Entered Level 10 of the Dungeon
  6887 | D:10     | Noticed MrSquiggles's ghost (journeyman MiMo)
  6902 | D:10     | XOM: god gift: plate armour {god gift}
  6943 | D:10     | Found a runed translucent gate.
  6943 | D:10     | Found a runed translucent gate.
  6943 | D:10     | Found a runed translucent gate.
  7063 | D:9      | XOM: confuse monster(s)
  7069 | D:9      | XOM: divination: detect creatures
  7131 | D:8      | Found Zyacit's Antique Armour Emporium.
  7154 | D:8      | Noticed Pikel
  7167 | D:8      | Reached skill level 7 in Fighting
  7179 | D:8      | Mangled by Pikel

Illustrated notes

Levels and vault maps discovered:
D:1:      wander_arrival_lonely_grave, layout_rooms, dreamdust_princess_bridge,
          chequers_serial_rivers_micro_b, minmay_cut_off
D:2:      layout_basic, basic_altar
D:3:      layout_loops_corners, shapermc_ecumenical_altar_notcrosses,
          minmay_lizard_king
D:4:      layout_loops_cross, nicolae_hepliaklqana_hippocampus
D:5:      layout_loops_corners, minmay_temple_entry_wispy
D:6:      layout_loops_ring, enter_ossuary_1
D:7:      layout_loops_ring, serial_shops, shop, shop, kennysheep_mini,
          chequers_serial_rivers_large_b, uniq_prince_ribbit1
D:8:      layout_loops_ring, erik_lair_orcish_takeover, serial_shops,
          nicolae_shop_trees, uniq_pikel
D:9:      layout_long_grid
D:10:     layout_irregular_city, gammafunk_ghost_icy, nrook_campfire,
          roderic_lattice_a, chequers_mini_garden, glass_columns_a
Temple:   compressed_dpeg_triangle_lava_temple

Skill      XL: |  1  2  3  4  5  6  7  8  9 |
---------------+----------------------------+-----
Dodging        | 1 2 3 4 5 |  5.7
Armour         | 2 3 4 5 6 |  6.0
Maces & Flails | 3 4 5 6 |  6.4
Evocations     | 1 2 3 5 6 |  6.1
Fighting       | 4 5 6 7 |  7.0

Action                   |  1- 3 |  4- 6 |  7- 9 || total
-------------------------+-------+-------+-------++-------
Melee: Mace              |    97 |   168 |   381 ||   646
       Punch             |     1 |     1 |     3 ||     5
 Abil: Evoke Blink       |       |     1 |     1 ||     2
Evoke: Piece from Xom's  |    13 |       |       ||    13
  Use: Scroll            |     4 |     7 |     4 ||    15
       Potion            |       |    10 |     1 ||    11
 Stab: Petrified         |     3 |       |       ||     3
       Paralysed         |     1 |       |       ||     1
       Sleeping          |       |       |     1 ||     1
       Confused          |       |       |     2 ||     2
Armor: Leather armour    |    52 |     7 |       ||    59
       Ring mail         |       |   102 |   217 ||   319
Dodge: Dodged            |    91 |    91 |   266 ||   448

Table legend: (Time is in decaauts)
 A = Elapsed time spent in this place.
 B = Non-inter-level travel time spent in this place.
 C = Inter-level travel time spent in this place.
 D = Time resting spent in this place.
 E = Time spent auto-exploring this place.
 F = Levels seen in this place.
 G = Mean time per level.
                   A        B        C        D        E       F      G
               +--------+--------+--------+--------+--------+-----+--------+
         Total |   7320 |   6870 |    450 |      0 |   5295 |  12 |  610.0 |
       Dungeon |   6890 |   6455 |    435 |      0 |   5099 |  10 |  689.0 |
        Temple |    113 |     99 |     14 |      0 |     83 |   1 |  113.0 |
       Ossuary |    316 |    316 |      0 |      0 |    113 |   1 |  316.0 |
               +--------+--------+--------+--------+--------+-----+--------+

Top non-repeatable levels by time:
     D:2: 1121 daAuts
     D:3: 1066 daAuts
     D:5: 1001 daAuts
     D:6: 814 daAuts
     D:4: 808 daAuts
     D:7: 799 daAuts
     D:1: 485 daAuts
     D:8: 426 daAuts
 Ossuary: 316 daAuts
    D:10: 309 daAuts
  Temple: 113 daAuts
     D:9: 57 daAuts
